cohdb
Replays
Latest Replays
All Replays
Popular Replays
Top Player Replays
Match Explorer
How It Works
Community
CoH3 Stats
Reddit
Sign in to upload your games and track your stats! →
Sign in with Steam
Match 41588001
Unlisted
Match 41588001
Overview
Messages
Build Orders
End
Construct Infanterie Kompanie
Selects Terror Battlegroup
Selects Machine Gun Camouflage
Pioneer Squad
MG 42 Machine Gun Team
Grenadier Squad
Grenadier Squad
GrW 34 Mortar Team
Construct Panzergrenadier Kompanie
Pak 40 Anti-tank Gun Team
Selects Interrogate
Medical Bunker
Panzergrenadier Squad
Selects Propaganda Leaflet Drop
MG 42 Machine Gun Team
Support Elements
Nebelwerfer 42 Rocket Launcher Team
Panzergrenadier Squad
Nebelwerfer 42 Rocket Launcher Team
SECURITUS GADIUS
KssMelin
Officer
『BlackBear』
0
0
Comments
sign in to comment!
No comments posted yet!